 Dungeon Crawl Stone Soup version 0.30-b1-2-g02819fbbbe (webtiles) character file.

Game seed: 1773670746827965981

74 Alarkh the Shooter (level 4, 33/33 HPs)
             Began as a Demonspawn Hexslinger on July 8, 2023.
             Got out of the dungeon alive.
             The game lasted 00:02:30 (1769 turns).

Alarkh the Shooter (Demonspawn Hexslinger)          Turns: 1769, Time: 00:02:30

Health: 33/33      AC:  4    Str: 10    XL:     4   Next: 9%
Magic:  5/5        EV: 12    Int: 17    God:
Gold:   190        SH:  0    Dex: 13    Spells: 4/5 levels left

rFire   . . .        a - +1 sling
rCold   + . .        (no shield)
rNeg    . . .        c - +0 robe
rPois   .            (no helmet)
rElec   .            (no cloak)
rCorr   .            (no gloves)
SInv    +            (no boots)
Will    .....        (no amulet)
Stlth   +            h - ring of see invisible
HPRegen 0.25/turn    j - ring of protection from cold
MPRegen 0.09/turn

%: no passive effects
@: no status effects
A: hooves 1, slimy green scales 1, powered by death 1
a: no special abilities


You escaped.
You visited 1 branch of the dungeon, and saw 2 of its levels.

You collected 190 gold pieces.

Inventory:

Hand Weapons
 a - a +1 sling (weapon)
 b - a +0 quarterstaff
Missiles
 l - 3 poisoned darts
Armour
 c - a +0 robe (worn)
Jewellery
 h - a ring of see invisible (left hand)
 j - a ring of protection from cold (right hand)
Scrolls
 e - a scroll of enchant armour {unknown}
 f - a scroll of poison
 g - a scroll of fog
 i - 2 scrolls of identify
 m - a scroll of teleportation {unknown}
Potions
 d - 2 potions of curing
 k - a potion of brilliance {unknown}
 n - a potion of flight {unknown}


   Skills:
 + Level 2.2 Fighting
 - Level 1.0 Staves
 * Level 3.2 Ranged Weapons
 - Level 1.7 Dodging
 - Level 1.0 Spellcasting
 - Level 3.0 Hexes


You had 4 spell levels left.
You knew the following spells:

 Your Spells              Type           Power      Damage    Failure   Level
a - Slow                  Hex            44%        N/A       6%          1

Your spell library contained the following spells:

 Spells                   Type           Power      Damage    Failure   Level
 Inner Flame              Hex/Fire       5%         N/A       34%         3
 Portal Projectile        Hex/Tloc       10%        N/A       34%         3
 Cause Fear               Hex            5%         N/A       52%         4


Dungeon Overview and Level Annotations

Branches:
Dungeon (2/15)

Altars:


Innate Abilities, Weirdness & Mutations

You have large cloven feet.
You are partially covered in slimy green scales. (AC +2)
You regenerate a little health from kills.


Message History

You shoot a sling bullet. The sling bullet misses the adder.
The adder misses you. The adder bites you but does no damage.
You shoot a sling bullet.
The sling bullet closely misses the adder.
The adder bites you. x2
You shoot a sling bullet.
The sling bullet closely misses the adder.
The adder bites you.
You shoot a sling bullet.
The sling bullet closely misses the adder.
The adder bites you but does no damage. The adder bites you.
You are poisoned.
The adder poisons you!
You shoot a sling bullet.
The sling bullet closely misses the adder.
You feel sick. The adder misses you. The adder barely misses you.
You shoot a sling bullet.
The sling bullet completely misses the adder.
You feel sick. The adder closely misses you.
You shoot a sling bullet. The sling bullet misses the adder.
You feel sick. The adder bites you. The adder barely misses you.
You are too injured to fight recklessly!
You feel better. The adder completely misses you.
You shoot a sling bullet. The sling bullet hits the adder.
The adder is almost dead.
The adder bites you. The adder misses you.
You shoot a sling bullet. The sling bullet hits the adder.
You kill the adder!
You have reached level 4!
You feel clever.
Your demonic ancestry asserts itself...
Slimy green scales grow over part of your body.
You see here a +0 spear.
There is a stone staircase leading up here.
You climb upwards.
There is a stone staircase leading down here.
HP restored.
There is an open gate here.
There is a staircase leading out of the dungeon here.
Are you sure you want to leave the Dungeon?
This will make you lose the game!
You have escaped!

...##.##...##.....# #.# #.
......#.....#..#### #.## ##
......#.....#..#..### #..#
####..#.....#..#....### ##.#
# #..##...##.##......####.##
# ##.#######.##........###.#
#
#.........##..~≈......#######
#
######..#.##..~~~~.......'.##
##...##@.~~≈≈≈~.....'... ###
###..#..~≈~≈.......'.##
####.## #..#..~~......#######
....#.# ###..#........### #.#
####.## ##....#......### #.#
#.# #....##....### #.# ####.#
#..####..#### #.# .>##.# #..#
#####.# ##.## #.##.# #..# #.#
##...##


There were no monsters in sight!

Vanquished Creatures
  An adder (D:2)
  A worm (D:2)
  A dart slug (D:2)
  6 ball pythons
  4 bats
  11 endoplasms
  2 giant cockroaches
  3 goblins
  7 hobgoblins
  4 jackals (D:2)
  2 kobolds (D:2)
  2 quokkas (D:2)
  4 frilled lizards
  7 rats
55 creatures vanquished.

Vanquished Creatures (others)
  A plant (D:2)
1 creature vanquished.

Grand Total: 56 creatures vanquished

Notes
Turn   | Place    | Note
-------+----------+-------------------------------------------
     0 | D:1      | Alarkh the Demonspawn Hexslinger began the quest for the
                  | Orb.
     0 | D:1      | Reached XP level 1. HP: 15/15 MP: 2/2
   147 | D:1      | Gained mutation: You regenerate a little health from kills.
                  | [demonic ancestry]
   147 | D:1      | Reached XP level 2. HP: 17/21 MP: 3/3
   749 | D:2      | Reached skill level 1 in Staves
   757 | D:2      | Gained mutation: You have large cloven feet. [demonic
                  | ancestry]
   757 | D:2      | Reached XP level 3. HP: 27/27 MP: 4/4
  1666 | D:2      | Gained mutation: You are partially covered in slimy green
                  | scales. (AC +2) [demonic ancestry]
  1666 | D:2      | Reached XP level 4. HP: 21/33 MP: 5/5
  1769 | D:$      | Got out of the dungeon alive.

Illustrated notes

Levels and vault maps discovered:
D:1:      lemuel_arrival_funnel, layout_loops_ring, minmay_misc_feat_enclosed,
          minmay_pentomino_w4
D:2:      layout_basic, serial_forest, infiniplex_forest_end_3,
          infiniplex_forest_clump_medium, infiniplex_forest_clump_C,
          infiniplex_forest_corner_1, infiniplex_forest_straight_4,
          infiniplex_forest_end_double, infiniplex_forest_lined_4_way,
          infiniplex_forest_fountain, infiniplex_forest_straight_4

Skill      XL: |  1  2  3 |
---------------+----------+-----
Ranged Weapons | 2 3 |  3.2
Staves         | 1 |  1.0
Fighting       | 2 |  2.2
Dodging        | |  1.7
Spellcasting   | |  1.0
Hexes          | |  3.0

Action                     |  1- 3 |  4- 6 || total
---------------------------+-------+-------++-------
  Melee: Quarterstaff      |     6 |       ||     6
   Fire: Sling             |   180 |       ||   180
    Use: Scroll            |     2 |       ||     2
         Potion            |     1 |       ||     1
 Armour: Robe              |    13 |       ||    13
  Dodge: Dodged            |    66 |       ||    66
